 Dungeon Crawl Stone Soup version 0.26-b1-32-g5d43845318 (webtiles) character file.

Game seed: 8761868237485833722

294738 inmateoo the Eclecticist (level 21, -4/129 HPs)
             Began as a Kobold Transmuter on Jan 13, 2021.
             Was the Champion of Cheibriados.
             Slain by a vault guard
             ... wielding a +0 long sword
             ... led by a vault warden
              (13 damage)
             ... on level 4 of the Vaults.
             The game lasted 01:14:03 (47084 turns).

inmateoo the Eclecticist (Kobold Transmuter)       Turns: 47084, Time: 01:14:03

Health: -4/129     AC:  9    Str: 28    XL:     21   Next: 76%
Magic:  35/40      EV: 31    Int: 48    God:    Cheibriados [******]
Gold:   1082       SH: 17    Dex: 30    Spells: 21/51 levels left

rFire    + . .     SeeInvis +     - Unarmed
rCold    + . .     Faith    .   L - +3 kite shield of the Equator {rPois rN+}
rNeg     + . .     Spirit   .   a - +1 leather armour of Dust Devil {rF+ Int+4 Dex+2} (curse)
rPois    +         Reflect  .   b - +0 helmet of the Sun {+Inv rC+ Str+4 Dex-3}
rElec    .         Harm     .   I - +0 cloak
rCorr    .         Rampage  .   f - +0 pair of gloves {archery}
Will     ++...                  k - +1 pair of boots
Stlth    +++.......             H - amulet of regeneration
HPRegen  0.71/turn              A - ring of willpower
MPRegen  0.27/turn              T - ring of Huom Lot {*Drain Int+7 SInv}

@: very slow
A: small, nightstalker 3
}: 2/15 runes: decaying, gossamer
a: Renounce Religion, Evoke Invisibility, Bend Time, Temporal Distortion,
Slouch, Step From Time


You were on level 4 of the Vaults.
You worshipped Cheibriados.
Cheibriados was exalted by your worship.
You visited 7 branches of the dungeon, and saw 36 of its levels.
You visited 1 bazaar.
You also visited: Sewer.

You collected 5697 gold pieces.
You spent 4615 gold pieces at shops.

Inventory:

Missiles
 i - 48 boomerangs (quivered)
 w - 4 throwing nets
Armour
 a - the cursed +1 leather armour of Dust Devil (worn) {rF+ Int+4 Dex+2}
   (You bought it in a shop in a bazaar)

   It affects your intelligence (+4).
   It affects your dexterity (+2).
   It protects you from fire.
   It has a curse placed upon it.
 b - the +0 helmet of the Sun (worn) {+Inv rC+ Str+4 Dex-3}
   (You found it on level 2 of the Swamp)

   It affects your strength (+4).
   It affects your dexterity (-3).
   It protects you from cold.
   It lets you turn invisible.
 f - a +0 pair of gloves of archery (worn)
 k - a +1 pair of boots (worn)
 I - a +0 cloak (worn)
 L - the +3 kite shield of the Equator (worn) {rPois rN+}
   (You bought it in a shop in a bazaar)

   It protects you from poison.
   It protects you from negative energy.
Jewellery
 h - an uncursed ring of resist corrosion
 m - an uncursed ring of protection from cold
 A - a ring of willpower (left hand)
 B - an uncursed ring of protection from fire
 H - an amulet of regeneration (around neck)
 J - an uncursed ring of positive energy
 T - the ring of Huom Lot (right hand) {*Drain Int+7 SInv}
   (You found it on level 4 of the Lair of Beasts)

   [ring of see invisible]

   It affects your intelligence (+7).
   It lets you see invisible.
   It causes draining when unequipped.
 U - an uncursed ring of poison resistance
Wands
 r - a wand of flame (90)
 v - a wand of polymorph (12)
 x - a wand of digging (17)
 C - a wand of iceblast (2)
 D - a wand of enslavement (20)
 Q - a wand of acid (34)
 Y - a wand of paralysis (16)
Scrolls
 c - 8 scrolls of amnesia
 o - 25 scrolls of remove curse
 s - 31 scrolls of identify
 t - 26 scrolls of teleportation
 y - 5 scrolls of enchant armour
 G - 9 scrolls of fog
 M - 2 scrolls of magic mapping
 N - a scroll of summoning
 W - 5 scrolls of fear
 Z - 2 scrolls of blinking
Potions
 d - 6 potions of heal wounds
 g - 4 potions of attraction
 j - 10 potions of lignification
 n - 35 potions of curing
 p - 6 potions of brilliance
 q - 8 potions of flight
 u - 4 potions of resistance
 z - 4 potions of mutation
 E - 4 potions of cancellation
 O - 13 potions of ambrosia
 P - 3 potions of might
 R - 5 potions of invisibility
 V - a potion of magic
Miscellaneous
 l - a condenser vane (inert)
 S - a phial of floods
 X - a box of beasts


   Skills:
 - Level 13.1 Fighting
 - Level 15.1 Dodging
 + Level 7.1 Shields
 - Level 12.9 Unarmed Combat
 + Level 15.6 Spellcasting
 - Level 12.0 Transmutations
 + Level 12.4 Fire Magic
 - Level 10.0 Ice Magic
 - Level 10.0 Earth Magic
 - Level 6.0 Poison Magic
 - Level 10.0 Invocations
 - Level 8.3 Evocations


You had 21 spell levels left.
You knew the following spells:

 Your Spells              Type           Power        Failure   Level
a - Statue Form           Tmut/Erth      64%          4%          6
b - Wereblood             Tmut           100%         1%          2
c - Apportation           Tloc           74%          2%          1
d - Borgnjor's Vile Clut  Necr/Erth      35%          9%          5
e - Blade Hands           Tmut           50%          1%          5
f - Tukima's Dance        Hex            37%          7%          3
g - Ignition              Fire           51%          67%         8

Your spell library contained the following spells:

 Spells                   Type           Power        Failure   Level
 Beastly Appendage        Tmut           100%         1%          1
 Freeze                   Ice            100%         1%          1
 Ensorcelled Hibernation  Hex/Ice        100%         1%          2
 Frozen Ramparts          Ice            100%         1%          3
 Ignite Poison            Fire/Tmut/Pois 94%          1%          3
 Inner Flame              Hex/Fire       77%          1%          3
 Ozocubu's Armour         Ice            93%          1%          3
 Spider Form              Tmut/Pois      44%          1%          3
 Ice Form                 Ice/Tmut       97%          1%          4
 Alistair's Intoxication  Tmut/Pois      59%          1%          5
 Corona                   Hex            41%          2%          1
 Slow                     Hex            37%          3%          2
 Hailstorm                Conj/Ice       71%          3%          4
 Leda's Liquefaction      Hex/Erth       35%          3%          4
 Summon Ice Beast         Ice/Summ       71%          3%          4
 Bolt of Magma            Conj/Fire/Erth 41%          3%          5
 Fireball                 Conj/Fire      38%          4%          5
 Confusing Touch          Hex            37%          7%          3
 Dazzling Flash           Conj/Hex       74%          7%          3
 Lesser Beckoning         Tloc           18%          7%          3
 Portal Projectile        Hex/Tloc       74%          7%          3
 Animate Dead             Necr           18%          24%         4
 Cause Fear               Hex            18%          24%         4
 Starburst                Conj/Fire      38%          28%         6
 Iron Shot                Conj/Erth      35%          43%         6
 Simulacrum               Ice/Necr       35%          43%         6
 Silence                  Hex/Air        18%          54%         5
 Death Channel            Necr           18%          98%         6
 Invisibility             Hex            37%          98%         6
 Shadow Creatures         Summ           N/A          98%         6
 Chain Lightning          Conj/Air       18%          100%        8
 Lehudib's Crystal Spear  Conj/Erth      35%          100%        8
 Absolute Zero            Ice            46%          100%        9
 Fire Storm               Conj/Fire      38%          100%        9
 Shatter                  Erth           46%          100%        9


Dungeon Overview and Level Annotations

Branches:
Dungeon (15/15)            Temple (1/1) D:6            Lair (6/6) D:11
  Swamp (4/4) Lair:2       Spider (4/4) Lair:4        Slime (0/5) Lair:5
    Orc (2/2) D:12            Elf (0/3) Orc:2        Vaults (4/5) D:13
  Crypt (0/3) Vaults:2     Depths (0/5) D:15          Sewer (visited)

Altars:
Ashenzari
Cheibriados
Dithmenos
Elyvilon
Fedhas
Gozag
Hepliaklqana
Kikubaaqudgha
Makhleb
Nemelex Xobeh
Okawaru
Ru
Sif Muna
Uskayaw
Vehumet
Xom
Yredelemnul
Zin
The Shining One
Beogh

Shops:
D:4 !?!*   D:10 ?!*   D:13 **!*(   Orc:2 }(}?}

Annotations:
D:12 3 runed translucent doors, exclusions: shadow and 3 slime creatures
Vaults:4 Margery


Innate Abilities, Weirdness & Mutations

You are small and have problems with some larger weapons.
You are completely attuned to the shadows.


Message History

Your +0 pair of gloves of archery unmelds from your body.
Your +1 pair of boots unmelds from your body.
The cursed +1 leather armour of Dust Devil {rF+ Int+4 Dex+2} unmelds from your body.
You feel that your aim is more steady.
The vault guard is engulfed in blazing flames.
You block the vault guard's attack.
The fire giant is engulfed in blazing flames.
The fire giant hits you with a +0 great sword of flaming!!
The fire giant burns you.
The ironbrand convoker is engulfed in blazing flames.
The ironbrand convoker gestures at Margery while chanting.
Margery seems to grow stronger.
The two-headed ogre is engulfed in blazing flames.
Margery is engulfed in blazing flames.
Margery casts a spell at you. The bolt of fire hits you!! You resist.
* * * LOW HITPOINT WARNING * * *
The vault guard is engulfed in blazing flames.
The vault guard hits you with a +0 long sword!
You die...

......#
..§§§§#
..§§@§#####
..§O§p§.....
..§p@p§......
..§C§§§......
..§§§........
#######......
#......
#######
#......
......#
#......
......#
#.....[
......#
#......


You could see Margery (strong), a fire giant (strong), 2 vault guards, a
two-headed ogre (strong) and an ironbrand convoker (strong).

Vanquished Creatures
  Saint Roka (Vaults:2)
  Arachne (Spider:2)
  Jorgrun (Spider:1)
  A thorn hunter (Swamp:4)
  Agnes (Spider:2)
  Roxanne (Swamp:1)
  2 fenstrider witches (Swamp:2)
  A storm dragon (Vaults:4)
  Kirke (Spider:3)
  6 vault wardens
  3 ghost moths
  Aizul (Swamp:1)
  3 deep elf sorcerers
  7 emperor scorpions
  2 stone giants
  13 ironheart preservers
  A deep elf demonologist (Vaults:2)
  4 bunyips
  2 entropy weavers (Vaults:3)
  A spark wasp (Spider:4)
  2 deep elf annihilators
  9 eleionomae
  2 deep elf death magi
  An ettin (Orc:1)
  3 shambling mangroves
  Josephine (D:12)
  2 great orbs of eyes
  7 ogre magi
  4 yaktaur captains
  2 fire dragons (Lair:6)
  Harold (D:8)
  4 rakshasas
  9 boulder beetles
  A ghost crab (Swamp:2)
  22 hydras
  6 vault guards
  7 centaur warriors
  3 death knights
  9 alligators
  23 two-headed ogres
  A deep troll earth mage (Vaults:3)
  6 deep elf knights
  Urug (Lair:5)
  6 skeletal warriors
  A shadow wraith (Vaults:1)
  A fire crab (shapeshifter) (Vaults:2)
  5 goliath frogs
  4 unseen horrors
  5 spriggan druids
  9 deep trolls
  A flayed ghost (D:15)
  A spark wasp zombie (D:15)
  A glowing orange brain (Vaults:2)
  17 swamp dragons
  7 deep elf archers
  3 lindwurms (Lair:6)
  9 ironbrand convokers
  5 bog bodies
  3 wizards (Vaults:1)
  Pikel (D:8)
  3 necromancers
  A phantasmal warrior (Vaults:3)
  10 orc knights
  5 orc sorcerers
  27 ugly things
  21 orb spiders
  31 wolf spiders
  15 deep elf magi
  3 will-o-the-wisps
  A manticore (shapeshifter) (Vaults:3)
  2 manticores
  6 cyclopes
  6 slime creatures
  A salamander (shapeshifter) (Vaults:3)
  4 moths of wrath
  A stone giant zombie (Vaults:2)
  A frost giant skeleton (D:15)
  A guardian serpent (shapeshifter) (Vaults:2)
  A stone giant skeleton (D:15)
  6 black mambas
  10 cane toads
  Joseph (D:8)
  7 torpor snails
  5 vault sentinels
  2 gargoyles
  An elf (Vaults:3)
  15 demonic crawlers
  A tengu conjurer (D:13)
  5 freezing wraiths
  4 rime drakes
  9 komodo dragons
  An efreet (D:13)
  17 yaktaurs
  A queen bee (Lair:2)
  9 trolls
  32 jumping spiders
  A bloated husk (Swamp:2)
  5 polar bears
  11 tyrant leeches
  A blink frog (shapeshifter) (Vaults:1)
  30 hornets
  A raiju (shapeshifter) (Vaults:1)
  14 blink frogs
  2 human simulacra (Vaults:3)
  A fire giant simulacrum (Vaults:2)
  A centaur simulacrum (D:13)
  An ice dragon skeleton (D:15)
  A vampire (D:14)
  A shadow (D:11)
  69 redbacks
  17 spriggans
  An orc simulacrum (Vaults:2)
  48 yaks
  23 tarantellas
  2 wyverns
  7 wraiths
  Eustachio (D:6)
  5 basilisks
  A hog (Spider:3)
  A human (shapeshifter) (Vaults:2)
  A steam dragon (Lair:6)
  19 swamp worms
  10 vampire mosquitoes
  2 yaktaur simulacra
  Menkaure (D:4)
  6 wargs
  13 water moccasins
  4 acid dragons
  6 swamp drakes
  A hornet zombie (D:15)
  18 orc warriors
  An ettin simulacrum (Vaults:2)
  6 ice beasts
  8 black bears
  3 eyes of draining
  5 sky beasts
  15 ogres
  A phantom (D:14)
  7 wolves
  12 boggarts
  19 centaurs
  A lemure (D:8)
  23 bullfrogs
  4 big kobolds
  Blork the orc (D:3)
  An elf zombie (D:7)
  A deep troll simulacrum (Vaults:2)
  2 yaktaur skeletons
  An ogre simulacrum (Vaults:1)
  A water moccasin zombie (D:5)
  6 scorpions
  33 killer bees
  A troll skeleton (D:7)
  9 wights
  3 electric eels
  3 howler monkeys
  2 quasits (D:10)
  4 human zombies
  42 orc wizards
  2 centaur zombies
  3 hounds
  7 jellies
  A bullfrog skeleton (D:8)
  4 centaur skeletons
  11 orc priests
  A gnoll shaman (D:4)
  13 iguanas
  6 human skeletons
  13 worker ants
  4 hound zombies
  A howler monkey zombie (D:7)
  A howler monkey skeleton (D:5)
  13 gnolls
  12 adders
  6 river rats (Sewer)
  A white imp (D:5)
  3 ufetubi
  An ooze (Lair:5)
  4 adder skeletons
  2 dart slugs (D:1)
  8 leopard geckos
  95 orcs
  6 bats
  5 giant cockroaches
  4 hobgoblins
  6 jackals
  4 quokkas
  6 ball pythons (Sewer)
  A frilled lizard (shapeshifter) (D:13)
  5 frilled lizards
  A giant cockroach zombie (D:6)
  5 goblins
  31 kobolds
  An orc zombie (D:7)
  A quokka skeleton (D:9)
  21 rats
  A butterfly (Lair:6)
  2 crawling corpses (Vaults:2)
1377 creatures vanquished.

Vanquished Creatures (collateral kills)
  A demonic crawler (Spider:3)
  A redback (Spider:3)
  An orc (Orc:1)
3 creatures vanquished.

Vanquished Creatures (others)
  An orc knight (Orc:1)
  3 bloated husks
  A spriggan (Swamp:2)
  3 humans (Spider:3)
  A swamp drake (Swamp:2)
  2 orc warriors
  6 foxfires
  71 fungi
  110 plants
  10 withered plants (D:15)
208 creatures vanquished.

Grand Total: 1588 creatures vanquished

Notes
Turn   | Place    | Note
-------+----------+-------------------------------------------
     0 | D:1      | inmateoo the Kobold Transmuter began the quest for the Orb.
     0 | D:1      | Reached XP level 1. HP: 12/12 MP: 3/3
   291 | D:1      | Reached XP level 2. HP: 16/16 MP: 3/5
   565 | D:1      | You fall into a shaft and drop 1 floor!
   591 | D:2      | Reached XP level 3. HP: 4/20 MP: 4/6
   852 | D:2      | Learned a level 2 spell: Wereblood
   856 | D:2      | Learned a level 3 spell: Spider Form
   961 | D:2      | Found a faded altar of an unknown god.
  1768 | D:2      | Reached XP level 4. HP: 26/26 MP: 3/8
  3173 | D:3      | Reached skill level 1 in Poison Magic
  3510 | D:3      | Noticed Blork the orc
  3518 | D:3      | Found a shimmering blue altar of Sif Muna.
  3562 | D:3      | Killed Blork the orc
  3563 | D:3      | Reached XP level 5. HP: 16/31 MP: 9/9
  3722 | D:4      | Noticed Menkaure
  3733 | D:4      | Killed Menkaure
  3734 | D:4      | Reached XP level 6. HP: 21/37 MP: 7/10
  3742 | D:4      | Found Beor's Assorted Antiques.
  3755 | D:4      | Found Verroepoll's Distillery.
  3761 | D:4      | Bought a potion of heal wounds for 65 gold pieces
  3762 | D:4      | Bought a potion of brilliance for 52 gold pieces
  3762 | D:4      | Bought a potion of flight for 39 gold pieces
  3830 | D:4      | Found Gaishow's Magic Scroll Shoppe.
  3833 | D:4      | Bought a scroll of identify for 22 gold pieces
  3846 | D:4      | Found a burning altar of Makhleb.
  3902 | D:4      | Found a glowing drain.
  3933 | Sewer    | Entered a sewer
  4265 | Sewer    | Learned a level 4 spell: Ice Form
  4365 | Sewer    | Reached XP level 7. HP: 27/41 MP: 7/12
  4652 | Sewer    | Reached skill level 1 in Ice Magic
  5001 | D:4      | Found Keluquc's General Store.
  5482 | D:4      | Reached XP level 8. HP: 48/48 MP: 10/13
  5684 | D:4      | Found Cippov Oduyq's Distillery.
  6125 | D:5      | Entered Level 5 of the Dungeon
  6278 | D:5      | Learned a level 5 spell: Blade Hands
  6496 | D:5      | Reached skill level 5 in Dodging
  7985 | D:6      | Noticed Eustachio
  8107 | D:6      | Killed Eustachio
  8108 | D:6      | Reached skill level 5 in Unarmed Combat
  8108 | D:6      | Reached XP level 9. HP: 43/52 MP: 13/15
  8363 | D:6      | Found a staircase to the Ecumenical Temple.
  8445 | Temple   | Entered the Ecumenical Temple
  8486 | Temple   | Became a worshipper of Cheibriados the Contemplative
  8787 | D:7      | Reached skill level 5 in Spellcasting
  8911 | D:7      | Reached skill level 5 in Transmutations
  9466 | D:7      | Reached * piety under Cheibriados
  9742 | D:7      | Reached skill level 5 in Poison Magic
 10040 | D:7      | Found an ancient bone altar of Kikubaaqudgha.
 10380 | D:8      | Noticed Pikel
 10389 | D:8      | Killed Pikel
 10390 | D:8      | Reached XP level 10. HP: 18/56 MP: 11/17
 10672 | D:8      | Noticed Joseph
 10686 | D:8      | Killed Joseph
 10687 | D:8      | Reached skill level 5 in Ice Magic
 10797 | D:8      | Noticed Harold
 10810 | D:8      | Killed Harold
 11232 | D:8      | Reached ** piety under Cheibriados
 12183 | D:9      | Found a shimmering blue altar of Sif Muna.
 12448 | D:9      | Reached skill level 1 in Invocations
 12449 | D:9      | Reached *** piety under Cheibriados
 12501 | D:9      | Reached XP level 11. HP: 60/62 MP: 15/18
 12654 | D:10     | Entered Level 10 of the Dungeon
 12890 | D:10     | Reached **** piety under Cheibriados
 12926 | D:10     | Found Qogean's General Store.
 13094 | D:10     | Found Waocosuh's Magic Scroll Shoppe.
 13099 | D:10     | Bought a scroll of teleportation for 45 gold pieces
 13110 | D:10     | Noticed a two-headed ogre
 13119 | D:10     | Killed a two-headed ogre
 13120 | D:10     | Reached skill level 5 in Fighting
 13120 | D:10     | Reached skill level 10 in Dodging
 13697 | D:10     | Found Oholosas's Distillery.
 14336 | D:11     | Reached ***** piety under Cheibriados
 14348 | D:11     | Reached skill level 5 in Invocations
 14747 | D:11     | Noticed a two-headed ogre
 14749 | D:11     | Noticed a cyclops
 14753 | D:11     | Noticed a cyan ugly thing
 14784 | D:11     | Killed a two-headed ogre
 14933 | D:11     | Found a staircase to the Lair.
 15039 | D:11     | Killed a cyan ugly thing
 15040 | D:11     | Reached XP level 12. HP: 72/72 MP: 13/23
 15731 | D:12     | Noticed Josephine
 15745 | D:12     | Killed Josephine
 16091 | D:12     | Found a staircase to the Orcish Mines.
 16120 | D:12     | Noticed a skeletal warrior
 16121 | D:12     | Noticed a skeletal warrior
 16414 | D:12     | Noticed a skeletal warrior
 16459 | D:12     | Noticed a two-headed ogre
 16467 | D:12     | Killed a two-headed ogre
 16468 | D:12     | Reached skill level 10 in Invocations
 16715 | D:12     | Killed a skeletal warrior
 16775 | D:12     | Killed an unseen horror
 17147 | D:12     | Found a runed translucent gate.
 17147 | D:12     | Found a runed translucent gate.
 17147 | D:12     | Found a runed translucent gate.
 17148 | D:12     | Noticed a white very ugly thing
 17566 | Lair:1   | Entered Level 1 of the Lair of Beasts
 17982 | Lair:1   | Reached XP level 13. HP: 73/82 MP: 19/25
 17990 | Lair:1   | Reached skill level 10 in Fighting
 18787 | Lair:2   | Reached skill level 1 in Shields
 18816 | Lair:2   | Reached ****** piety under Cheibriados
 19145 | Lair:2   | Reached skill level 1 in Evocations
 19782 | Lair:2   | Found a staircase to the Swamp.
 20560 | Lair:3   | Found a glowing golden altar of the Shining One.
 21105 | Lair:4   | Learned a level 3 spell: Tukima's Dance
 21210 | Lair:4   | Reached skill level 10 in Unarmed Combat
 21314 | Lair:4   | Found a hole to the Spider Nest.
 21620 | Lair:4   | Reached skill level 5 in Evocations
 21702 | Lair:4   | Got a glittering bone ring
 21719 | Lair:4   | Reached XP level 14. HP: 88/88 MP: 21/27
 21860 | Lair:5   | Noticed Urug
 21867 | Lair:5   | Killed Urug
 22061 | Lair:5   | Identified the ring of Huom Lot {*Drain Int+7 SInv} (You
                  | found it on level 4 of the Lair of Beasts)
 22092 | Lair:5   | Identified a scroll of acquirement
 22092 | Lair:5   | Acquired 1065 gold pieces
 22589 | Lair:5   | Found a staircase to the Slime Pits.
 23013 | Lair:6   | Entered Level 6 of the Lair of Beasts
 23232 | Lair:6   | Reached skill level 10 in Spellcasting
 24550 | Lair:6   | Found a runed translucent door.
 25316 | D:13     | Found Emivixef's General Store.
 25459 | D:13     | Reached XP level 15. HP: 91/93 MP: 23/29
 25689 | D:13     | Found Nailae's Assorted Antiques.
 25695 | D:13     | Bought an orange potion for 23 gold pieces
 25695 | D:13     | Bought a scroll of identify for 52 gold pieces
 25768 | D:13     | Found Osmilaum's Antique Weapon Shop.
 25814 | D:13     | Found a gate to the Vaults.
 26003 | D:13     | Found Geewnui's Distillery.
 26012 | D:13     | Found Siguov's Assorted Antiques.
 26016 | D:13     | Bought a potion of curing for 93 gold pieces
 26016 | D:13     | Bought a potion of lignification for 93 gold pieces
 26016 | D:13     | Bought a scroll of identify for 62 gold pieces
 26300 | D:14     | Found a blossoming altar of Fedhas.
 27375 | D:15     | Entered Level 15 of the Dungeon
 27774 | D:15     | Reached XP level 16. HP: 45/101 MP: 28/31
 28363 | D:15     | Found a staircase to the Depths.
 28787 | Orc:1    | Entered Level 1 of the Orcish Mines
 28964 | Orc:2    | Entered Level 2 of the Orcish Mines
 29128 | Orc:2    | Found Maggaig's Gadget Boutique.
 29178 | Orc:2    | Bought a condenser vane for 600 gold pieces
 29178 | Orc:2    | Bought a box of beasts for 600 gold pieces
 29185 | Orc:2    | Found a staircase to the Elven Halls.
 29286 | Orc:2    | Found a shimmering altar of Xom.
 29414 | Orc:2    | Found Vuywkaej's Gadget Shoppe.
 29423 | Orc:2    | Found Wonanin's Weapon Boutique.
 29441 | Orc:2    | Found a roughly hewn altar of Beogh.
 29573 | Orc:2    | Found Musaku's Gadget Boutique.
 29578 | Orc:2    | Found Jygiwul's Magic Scroll Shoppe.
 30018 | Orc:1    | Found a roughly hewn altar of Beogh.
 30480 | D:4      | Bought a scroll of remove curse for 33 gold pieces
 30480 | D:4      | Bought a scroll of blinking for 82 gold pieces
 30480 | D:4      | Bought a scroll of enchant armour for 82 gold pieces
 30480 | D:4      | Bought a scroll of identify for 22 gold pieces
 30480 | D:4      | Bought a scroll of teleportation for 33 gold pieces
 30480 | D:4      | Bought a scroll of teleportation for 33 gold pieces
 30480 | D:4      | Bought a scroll of teleportation for 33 gold pieces
 30480 | D:4      | Bought a scroll of amnesia for 38 gold pieces
 30508 | D:4      | Bought a potion of curing for 30 gold pieces
 30508 | D:4      | Bought a potion of heal wounds for 50 gold pieces
 30508 | D:4      | Bought a potion of might for 40 gold pieces
 30508 | D:4      | Bought a potion of lignification for 30 gold pieces
 30508 | D:4      | Bought a potion of lignification for 30 gold pieces
 30508 | D:4      | Bought a potion of lignification for 30 gold pieces
 30508 | D:4      | Bought 2 potions of flight for 60 gold pieces
 30508 | D:4      | Bought a potion of brilliance for 40 gold pieces
 30508 | D:4      | Bought a potion of magic for 80 gold pieces
 30508 | D:4      | Bought a potion of curing for 30 gold pieces
 30804 | D:10     | Bought a scroll of fog for 30 gold pieces
 30804 | D:10     | Bought a scroll of fog for 30 gold pieces
 30804 | D:10     | Bought a scroll of remove curse for 45 gold pieces
 30804 | D:10     | Bought a scroll of remove curse for 45 gold pieces
 30804 | D:10     | Bought a scroll of remove curse for 45 gold pieces
 30804 | D:10     | Bought a scroll of fog for 30 gold pieces
 30804 | D:10     | Bought a scroll of enchant weapon for 112 gold pieces
 30804 | D:10     | Bought a scroll of amnesia for 52 gold pieces
 30804 | D:10     | Bought a scroll of identify for 30 gold pieces
 30804 | D:10     | Bought a scroll of fog for 30 gold pieces
 30804 | D:10     | Bought a scroll of identify for 30 gold pieces
 30908 | D:13     | Bought a potion of curing for 33 gold pieces
 30908 | D:13     | Bought a potion of invisibility for 88 gold pieces
 30908 | D:13     | Bought a potion of curing for 33 gold pieces
 30908 | D:13     | Bought a potion of curing for 33 gold pieces
 31098 | D:4      | Bought a scroll of blinking for 90 gold pieces
 31098 | D:4      | Bought a scroll of teleportation for 36 gold pieces
 31098 | D:4      | Bought a potion of heal wounds for 60 gold pieces
 31098 | D:4      | Bought a scroll of teleportation for 36 gold pieces
 31296 | Orc:2    | Bought a scroll of summoning for 114 gold pieces
 31296 | Orc:2    | Bought a scroll of teleportation for 36 gold pieces
 31296 | Orc:2    | Bought a scroll of teleportation for 36 gold pieces
 31296 | Orc:2    | Bought a scroll of magic mapping for 42 gold pieces
 31296 | Orc:2    | Bought a scroll of teleportation for 36 gold pieces
 31296 | Orc:2    | Bought a scroll of fear for 42 gold pieces
 31539 | D:4      | Bought a potion of brilliance for 52 gold pieces
 31539 | D:4      | Bought a potion of heal wounds for 65 gold pieces
 31539 | D:4      | Bought a potion of curing for 39 gold pieces
 31539 | D:4      | Bought a potion of brilliance for 52 gold pieces
 31539 | D:4      | Bought a potion of cancellation for 104 gold pieces
 31686 | D:10     | Bought a potion of curing for 42 gold pieces
 31686 | D:10     | Bought a potion of curing for 42 gold pieces
 31780 | D:13     | Bought a potion of curing for 48 gold pieces
 31996 | Spider:1 | Entered Level 1 of the Spider Nest
 32431 | Spider:1 | Noticed Jorgrun
 32441 | Spider:1 | Killed Jorgrun
 32442 | Spider:1 | Reached skill level 10 in Ice Magic
 33272 | Spider:2 | Noticed Agnes
 33281 | Spider:2 | Killed Agnes
 33371 | Spider:2 | Reached XP level 17. HP: 102/106 MP: 28/33
 34425 | Spider:2 | Noticed Arachne
 34448 | Spider:2 | Killed Arachne
 35608 | Spider:3 | Noticed Kirke
 35619 | Spider:3 | Killed Kirke
 36309 | Spider:3 | Learned a level 5 spell: Borgnjor's Vile Clutch
 36472 | Swamp:1  | Entered Level 1 of the Swamp
 36526 | Swamp:1  | Reached skill level 15 in Dodging
 36609 | Swamp:1  | Reached skill level 1 in Fire Magic
 36609 | Swamp:1  | Reached skill level 1 in Earth Magic
 36609 | Swamp:1  | Noticed Aizul
 36630 | Swamp:1  | Killed Aizul
 37261 | Swamp:1  | Noticed Roxanne
 37283 | Swamp:1  | Killed Roxanne
 37284 | Swamp:1  | Reached XP level 18. HP: 114/114 MP: 28/34
 37297 | Swamp:1  | Learned a level 6 spell: Statue Form
 37663 | Swamp:2  | Reached skill level 5 in Earth Magic
 37964 | Swamp:2  | Got a polished helmet
 37965 | Swamp:2  | Identified the +0 helmet of the Sun {+Inv rC+ Str+4 Dex-3}
                  | (You found it on level 2 of the Swamp)
 38894 | Swamp:3  | Reached skill level 10 in Transmutations
 39244 | Swamp:4  | Entered Level 4 of the Swamp
 39582 | Swamp:4  | Reached XP level 19. HP: 119/119 MP: 29/35
 39956 | Swamp:4  | Got a decaying rune of Zot
 40295 | Spider:4 | Entered Level 4 of the Spider Nest
 40310 | Spider:4 | Reached skill level 5 in Fire Magic
 40984 | Spider:4 | Got a gossamer rune of Zot
 41497 | Spider:4 | Learned a level 1 spell: Apportation
 41506 | Spider:4 | Learned a level 8 spell: Ignition
 41835 | Vaults:1 | Entered Level 1 of the Vaults
 42132 | Vaults:1 | Reached skill level 10 in Earth Magic
 42752 | Vaults:1 | Reached XP level 20. HP: 124/124 MP: 32/37
 42831 | Vaults:1 | Paralysed by a wizard for 7 turns
 43692 | Vaults:2 | Reached skill level 10 in Fire Magic
 43904 | Vaults:2 | Found a gateway to a bazaar.
 43964 | Bazaar   | Entered a bazaar
 43974 | Bazaar   | Found Xoesaopt's Distillery.
 43984 | Bazaar   | Found Maiwuv's Antique Weapon Shoppe.
 43999 | Bazaar   | Found Pofid's Jewellery Boutique.
 44014 | Bazaar   | Found Timoefu's Antique Armour Emporium.
 44022 | Bazaar   | Found Wiubuyd's General Store.
 44090 | Bazaar   | Bought a spiked leather armour for 133 gold pieces
 44090 | Bazaar   | Bought a distressingly furry kite shield for 180 gold
                  | pieces
 44090 | Bazaar   | Bought a pair of embroidered gloves for 142 gold pieces
 44092 | Bazaar   | Identified the +3 kite shield of the Equator {rPois rN+}
                  | (You bought it in a shop in a bazaar)
 44127 | Bazaar   | Identified the cursed +1 leather armour of Dust Devil {rF+
                  | Int+4 Dex+2} (You bought it in a shop in a bazaar)
 44500 | Vaults:2 | Noticed Saint Roka
 44516 | Vaults:2 | Killed Saint Roka
 44653 | Vaults:2 | Found a staircase to the Crypt.
 45148 | Vaults:2 | Reached XP level 21. HP: 72/129 MP: 33/39
 45149 | Vaults:2 | Reached skill level 5 in Shields
 45417 | Vaults:2 | You fall into a shaft and drop 1 floor!
 45527 | Vaults:3 | Reached skill level 15 in Spellcasting
 47080 | Vaults:4 | Noticed Margery
 47084 | Vaults:4 | Slain by a vault guard

Illustrated notes

Levels and vault maps discovered:
D:1:      lemuel_arrival_rhombus, layout_rooms, minmay_fountain_box,
          hangedman_glass_teeth, moated_statue
D:2:      layout_basic, chequers_ecumenical_altar_simple_redux, corner_web_ring
D:3:      layout_rooms, tgw_sif
D:4:      minmay_recursive_quarters, layout_basic,
          nicolae_overflow_hidden_temple, gup_sewer_entry_pipe, serial_shops,
          nicolae_shop_competitors_out_of_business, kennysheep_mini_moat, shop,
          shop, shop, uniq_menkaure
D:5:      layout_basic, uniq_blork_the_orc
D:6:      layout_basic, minmay_temple_entry_ruins,
          chequers_serial_rivers_room_b, minmay_crystal_water, minmay_holes,
          grunt_decor_fettered, uniq_eustachio
D:7:      layout_rooms, lemuel_mausoleum_altar_kikubaaqudgha
D:8:      layout_loops_ring, uniq_pikel, uniq_joseph, uniq_harold
D:9:      layout_basic, old_standard_altar, grunt_decor_mini_mirrors
D:10:     layout_basic, serial_shops,
          nicolae_shop_temple_entry_statues_fountains, shop_fountains,
          nicolae_shop_statue_plus
D:11:     layout_roguey, due_lair_maze_entry_diamond
D:12:     layout_basic, orc_0_dummy,
          ploomutoo_gammafunk_ghost_potion_laboratory, uniq_josephine
D:13:     layout_roguey, david_vaults_2, serial_shops, shop_fountains, shop,
          shop, nicolae_shop_crystal, nicolae_shop_waterfront,
          chequers_serial_rivers_micro_c
D:14:     layout_basic, basic_altar
D:15:     gammafunk_depths_entry_grave, layout_irregular_city,
          ebering_dispersal_statue_hall, small_statue_intersection
Temple:   minmay_freezing_vapour_temple
Lair:1:   kb_forest_paths, layout_chaotic_city, nicolae_lair_grove_arrangements,
          serial_bayou_lake_a
Lair:2:   layout_roguey [special_room_bee], nicolae_swamp_entry_splash_gauntlet,
          serial_bayou_shore_a
Lair:3:   layout_cave_pods, basic_altar
Lair:4:   layout_cave_shapes, nicolae_spider_entry_tight_spaces
Lair:5:   layout_small_grid, nicolae_slime_entry_slimehenge,
          serial_bayou_lagoon_b, grunt_megastairs_2,
          infiniplex_staircase_pool_2, uniq_urug
Lair:6:   wormcave, layout_misc_corridors, guppyfry_lair_end_dragon,
          lemuel_fruit_fields, lemuel_fruit_tree
Swamp:1:  layout_basic_swamp, hangedman_swamp_ruin_wall, uniq_roxanne,
          uniq_aizul
Swamp:2:  nzn_winding_woodlands_cross [nzn_winding_woodlands_5x15_jagged,
          nzn_winding_woodlands_5x15_pockets,
          nzn_winding_woodlands_5x15_longhouse,
          nzn_winding_woodlands_5x15_sidewinder,
          nzn_winding_woodlands_15x15_killbox], layout_basic_swamp,
          evilmike_swamp_ruin_house_5
Swamp:3:  layout_falls_marsh, serial_swamp_ruin, evilmike_swamp_ruin_house_3,
          evilmike_swamp_ruin_rubble_1
Swamp:4:  swamp_alternative, layout_basic_swamp
Spider:1: layout_spider_delve, einodemon_crawler_minivault, uniq_jorgrun
Spider:2: layout_chambers, hangedman_spider_tarantella_strand, uniq_agnes,
          uniq_arachne
Spider:3: layout_spider_delve, nicolae_spider_stair_cavern, uniq_kirke
Spider:4: guppyfry_spider_rune
Orc:1:    layout_caves, nicolae_orc_lost_temple
Orc:2:    st_orc_town, layout_caves, basic_altar, serial_shops, shop_fountains
Vaults:1: ontoclasm_vaults_idyll, vaults_dpeg_spiral, v_misc_2, v_misc_14,
          vaults_dpeg_diagonal, vaults_room_stairs_pillars,
          nicolae_vaults_hallways_thing, vaults_room_hallway,
          vaults_room_large_hall, v_misc_3, layout_vaults_chaotic_city
Vaults:2: blue_anna_dwarven_crypt, hangedman_vaults_stream,
          ontoclasm_vaults_shuriken, vaults_room_glass_cross,
          nicolae_vaults_ninety_degrees, nicolae_vaults_network_quincunx
          [nicolae_vaults_network_quincunx_subvault,
          nicolae_vaults_network_quincunx_subvault,
          nicolae_vaults_network_quincunx_subvault,
          nicolae_vaults_network_quincunx_subvault,
          nicolae_vaults_network_quincunx_subvault],
          nicolae_vaults_twisting_passages, nicolae_vaults_little_squares_2,
          ontoclasm_vaults_pinch, grunt_vaults_twisty, vaults_mumra_hex,
          vaults_room_stairs_pillars, layout_vaults_omnibox, serial_shops,
          bzr_entry_islet, uniq_saint_roka
Vaults:3: nicolae_vaults_holding_cells, nicolae_vaults_little_squares_4,
          v_misc_30, nicolae_vaults_network_star, hangedman_vaults_nodes,
          nicolae_vaults_yaktaur_gun_rack, grunt_vaults_hallway_long,
          grunt_vaults_hallway_short, vaults_mumra_lcd, hangedman_vaults_corner,
          v_misc_23, vaults_room_hallway, v_pattern_3, layout_vaults_big_cross
Vaults:4: v_misc_28, v_rooms_6, nicolae_vaults_little_squares_5,
          vaults_mumra_chevron_long, ontoclasm_vaults_ring_small,
          layout_vaults_omnigrid, basic_altar, uniq_margery

Skill      XL: |  1  2  3  4  5  6  7  8  9 10 11 12 13 14 15 16 17 18 19 20 21 |
---------------+----------------------------------------------------------------+-----
Dodging        | 3 4 5 7 9 10 12 14 15 | 15.1
Fighting       | 2 3 4 7 9 10 11 12 13 | 13.1
Poison Magic   | 1 2 3 5 6 |  6.0
Spellcasting   | 3 4 5 7 8 9 10 11 12 13 14 15 | 15.6
Transmutations | 3 4 5 6 8 10 12 | 12.0
Unarmed Combat | 4 5 6 8 10 11 12 | 12.9
Ice Magic      | 1 2 4 5 6 8 10 | 10.0
Invocations    | 1 6 10 | 10.0
Shields        | 3 4 7 |  7.1
Evocations     | 5 8 |  8.3
Fire Magic     | 2 3 7 11 12 | 12.4
Earth Magic    | 2 8 10 | 10.0

Action                   |  1- 3 |  4- 6 |  7- 9 | 10-12 | 13-15 | 16-18 | 19-21 || total
-------------------------+-------+-------+-------+-------+-------+-------+-------++-------
Melee: Unarmed           |    81 |   132 |   447 |   612 |   780 |   913 |   947 ||  3912
       Headbutt          |    14 |     9 |     2 |     2 |     3 |       |       ||    30
       Kick              |    13 |     8 |     5 |     7 |     5 |       |       ||    38
       Punch             |       |     2 |     3 |    17 |    76 |    75 |       ||   173
Throw: Dart              |       |    12 |       |       |       |       |       ||    12
       Boomerang         |       |       |     1 |     1 |     2 |       |       ||     4
 Cast: Beastly Appendage |    19 |     9 |     4 |     4 |     2 |       |       ||    38
       Spider Form       |     1 |     8 |    29 |    14 |       |       |       ||    52
       Wereblood         |       |     3 |    13 |     7 |     7 |     1 |       ||    31
       Ice Form          |       |       |     6 |    18 |       |       |       ||    24
       Blade Hands       |       |       |       |    22 |    91 |    60 |       ||   173
       Statue Form       |       |       |       |       |       |    20 |    64 ||    84
       Borgnjor's Vile C |       |       |       |       |       |       |    12 ||    12
Invok: Temporal Distorti |       |       |       |     1 |       |       |       ||     1
       Slouch            |       |       |       |       |     2 |    14 |    11 ||    27
 Abil: End Transformatio |       |       |     3 |    26 |    17 |     7 |       ||    53
Evoke: Wand              |       |       |       |     6 |    15 |    38 |     6 ||    65
       Condenser vane    |       |       |       |       |       |     2 |     3 ||     5
       Box of beasts     |       |       |       |       |       |     1 |       ||     1
       Phial of floods   |       |       |       |       |       |     1 |       ||     1
  Use: Scroll            |       |    10 |     6 |    11 |     9 |     7 |     7 ||    50
       Potion            |       |     1 |     1 |     1 |     5 |     1 |     1 ||    10
 Stab: Sleeping          |     1 |     7 |    12 |    16 |     9 |     1 |     3 ||    49
       Distracted        |       |       |       |       |       |     4 |     2 ||     6
       Paralysed         |       |       |       |       |       |     3 |     4 ||     7
       Confused          |       |       |       |       |       |     2 |       ||     2
Armor: Robe              |    13 |     7 |    15 |    45 |    64 |    66 |     2 ||   212
       Skin              |       |     2 |    27 |    23 |     5 |   122 |   347 ||   526
       Leather armour    |       |       |       |       |       |       |     1 ||     1
Dodge: Dodged            |    61 |   118 |   382 |   648 |   758 |  1269 |  1612 ||  4848
Block: Other             |       |       |       |    28 |       |       |       ||    28
       Buckler           |       |       |       |       |       |   163 |   494 ||   657
       Kite shield       |       |       |       |       |       |       |   457 ||   457
